 Dungeon Crawl Stone Soup version 0.29.1-2-gbd0b4ee654 (webtiles) character file.

Game seed: 2960311154586841491

42 qeuew the Poker (level 3, -2/42 HPs)
             Began as a Merfolk Gladiator on Nov 10, 2022.
             Frozen to death by an endoplasm (4 damage)
             ... on level 2 of the Dungeon.
             The game lasted 00:01:33 (899 turns).

qeuew the Poker (Merfolk Gladiator)                  Turns: 899, Time: 00:01:34

Health: -2/42      AC:  7    Str: 16    XL:     3   Next: 56%
Magic:  3/3        EV: 13    Int:  7    God:
Gold:   30         SH:  0    Dex: 15    Spells: 2/2 levels left

rFire   . . .      SeeInvis .   a - +1 trident
rCold   . . .      Faith    .   (no shield)
rNeg    . . .      Spirit   .   b - +0 leather armour
rPois   +          Reflect  .   c - +0 helmet
rElec   .          Harm     .   n - +2 cloak
rCorr   .          Rampage  .   (no gloves)
Will    .....                   (no boots)
Stlth   ..........              (no amulet)
HPRegen 0.14/turn               j - ring of poison resistance
MPRegen 0.08/turn               (no ring)

@: berserking, very quick
A: (nimble swimmer 2), mertail
a: no special abilities


You were on level 2 of the Dungeon.
You visited 1 branch of the dungeon, and saw 2 of its levels.

You collected 30 gold pieces.

Inventory:

Hand Weapons
 a - a +1 trident (weapon)
Missiles
 d - 2 throwing nets (quivered)
 e - a javelin
Armour
 b - a +0 leather armour (worn)
 c - a +0 helmet (worn)
 n - a +2 cloak (worn)
Jewellery
 j - a ring of poison resistance (left hand)
Potions
 f - a potion of haste
 g - a potion of curing
 i - a potion of attraction {unknown}


   Skills:
 + Level 2.7 Fighting
 + Level 4.4 Polearms
 + Level 2.4 Throwing
 + Level 0.7 Armour
 + Level 4.4 Dodging


You had 2 spell levels left.
You didn't know any spells.
Your spell library was empty.

Dungeon Overview and Level Annotations

Branches:
Dungeon (2/15)

Altars:


Innate Abilities, Weirdness & Mutations

((You are very nimble when in or above water. (Stealth+, EV+, Speed+++)))
Your lower body shifts to a powerful aquatic tail in water.


Message History

Sigmund barely misses you.
Throw: 3 throwing nets
Press: ? - help, Q - select action, (/) - cycle Shift-Dir - straight line, f/p - Sigmund
Aim: Sigmund, wielding a +0 scythe, wearing a +0 robe and carrying a wand of roots (4) (lightly wounded, 57% to hit)
You throw a throwing net. The throwing net hits Sigmund.
Sigmund is caught in the net!
Sigmund is lightly wounded.
An endoplasm comes into view.
Sigmund points at you and mumbles some strange words.
The puff of flame hits you.
* * * LOW HITPOINT WARNING * * *
Sigmund struggles against the net.
The giant cockroach barely misses you.
You see here an adder corpse.
The endoplasm quivers.
You hit Sigmund.
Sigmund is moderately wounded.
The giant cockroach bites you but does no damage.
You puncture Sigmund!
Sigmund is heavily wounded.
Sigmund points at you and mumbles some strange words.
The magic dart hits you.
* * * LOW HITPOINT WARNING * * *
Sigmund struggles against the net.
The giant cockroach bites you but does no damage.
A red film seems to cover your vision as you go berserk!
You feel yourself moving faster!
You feel mighty! The giant cockroach misses you.
You puncture Sigmund!
Sigmund is almost dead.
The giant cockroach bites you.
* * * LOW HITPOINT WARNING * * *
Sigmund struggles against the net.
A ball python comes into view.
The ball python hisses angrily.
You puncture Sigmund!
You kill Sigmund!
The giant cockroach closely misses you. The endoplasm freezes you.
You are frozen.
You die...

...# ... ..#### ## ###
~## ..#.. .. ... .S..
#.#.#.# #.#
###..##.....# #.#
......B)J.# #####.####
#. #@#.#####........#
#. #.#.#.........##.#
#. ##.#.#.###.##..##.#
#.##.#..#.# #.##..##.#
#.#.###.#.###.##..##..
#..## ##......##..####
###.###.........^.#
##.#....######.##
##.###.# #.#


You could see an endoplasm, a giant cockroach and a ball python.

Vanquished Creatures
  Sigmund (D:2)
  2 adders (D:2)
  2 ball pythons (D:1)
  2 bats (D:1)
  2 endoplasms (D:1)
  A giant cockroach (D:1)
  4 goblins
  A hobgoblin (D:2)
  3 kobolds (D:1)
  3 frilled lizards (D:1)
  4 rats (D:1)
25 creatures vanquished.

Notes
Turn   | Place    | Note
-------+----------+-------------------------------------------
     0 | D:1      | qeuew the Merfolk Gladiator began the quest for the Orb.
     0 | D:1      | Reached XP level 1. HP: 16/16 MP: 1/1
   218 | D:1      | Reached XP level 2. HP: 23/23 MP: 2/2
   555 | D:1      | Found a faded altar of an unknown god.
   690 | D:2      | Reached XP level 3. HP: 28/28 MP: 3/3
   882 | D:2      | Noticed Sigmund
   898 | D:2      | HP: 2/42 [giant cockroach (1)]
   899 | D:2      | Killed Sigmund
   899 | D:2      | Frozen to death by an endoplasm

Illustrated notes

Levels and vault maps discovered:
D:1:      wander_arrival_chamber, layout_basic,
          hellmonk_ecumenical_altar_arch_garden, chequers_jeans
D:2:      layout_loops_ring, grunt_decor_cap, uniq_sigmund

Action                   || total
-------------------------++-------
Melee: Trident           ||    78
Throw: Throwing net      ||     1
  Use: Scroll            ||     8
       Potion            ||     2
Armor: Leather armour    ||    11
Dodge: Dodged            ||    34
